ITL
BLUEVILLE 83'S @ TUSCALOOSA TROUT SLAYERS
09/02/2027
 
TOP OF THE 1ST
Blueville 83's batting - Pitching for Tuscaloosa Trout Slayers : RHP Chris Chamberlain
Pitching: RHP Chris Chamberlain
Batting: SHB Caden Keith 0-0: Foul Ball, location: 2F
0-1: Ball
1-1: Ball
2-1: Ball
3-1: Called Strike
3-2: Ground out U3 (Groundball, 34D)
Batting: RHB Kuniaki Kawashima 0-0: Called Strike
0-1: Fly out, F4 (Popup, 4MD)
Batting: RHB Gernot Renner 0-0: Called Strike
0-1: Swinging Strike
0-2: Foul Ball, location: 2F
0-2: Foul Ball, location: 2F
0-2: Hit by Pitch
Batting: SHB Jack Fountain 0-0: Called Strike
0-1: Foul Ball, location: 2F
0-2: Ball
1-2: 2-RUN HOME RUN (Flyball, 8RXD), Distance : 432 ft
Batting: RHB Matt Perkins 0-0: Ball
1-0: Called Strike
1-1: Foul Ball, location: 2F
1-2: Foul Ball, location: 2F
1-2: Ball
2-2: Foul Ball, location: 2F
2-2: SINGLE (Groundball, 56D)
Batting: LHB Ricardo Romero 0-0: Called Strike
0-1: Ball
1-1: Foul Ball, location: 2F
1-2: SINGLE (Line Drive, 4M)
Matt Perkins to second
Matt Perkins to third
Batting: LHB Ron Robinson 0-0: Ball
1-0: Fly out, F8 (Flyball, 8RD)
Top of the 1st over - 2 run(s), 3 hit(s), 0 error(s), 2 left on base; Blueville 2 - Tuscaloosa 0
BOTTOM OF THE 1ST
Tuscaloosa Trout Slayers batting - Pitching for Blueville 83's : LHP Salvador Castro
Pitching: LHP Salvador Castro
Batting: RHB Kurt Walter 0-0: Ball
1-0: Swinging Strike
1-1: Single, Error in OF, E7, batter to second base
Batting: RHB Pat Fullerton 0-0: Ball
1-0: Foul Ball, location: 2F
1-1: Called Strike
1-2: Foul Ball, location: 2F
1-2: Foul Ball, location: 2F
1-2: Ground out 5-3 (Groundball, 56)
Batting: LHB Marcos Villarreal 0-0: Swinging Strike
0-1: DOUBLE (Line Drive, 9LM)
Kurt Walter scores
Batting: RHB Ben Morton 0-0: Called Strike
0-1: Ball
1-1: Ball
2-1: Fly out, F8 (Flyball, 8RD)
Batting: LHB António Cedeño 0-0: Fly out, F8 (Flyball, 8RS)
Bottom of the 1st over - 1 run(s), 2 hit(s), 1 error(s), 1 left on base; Blueville 2 - Tuscaloosa 1
TOP OF THE 2ND
Blueville 83's batting - Pitching for Tuscaloosa Trout Slayers : RHP Chris Chamberlain
Batting: LHB Vincente Sáenz 0-0: Foul Ball, location: 2F
0-1: Called Strike
0-2: Foul Ball, location: 2F
0-2: Ground out 4-3 (Groundball, 4)
Batting: RHB Barney Lawson 0-0: Fly out, F7 (Line Drive, 78M)
Batting: SHB Caden Keith 0-0: Ball
1-0: Swinging Strike
1-1: Foul Ball, location: 2F
1-2: Ball
2-2: SOLO HOME RUN (Flyball, 7D), Distance : 352 ft
Batting: RHB Kuniaki Kawashima 0-0: Foul Ball, location: 2F
0-1: Fly out, F9 (Flyball, 89S)
Top of the 2nd over - 1 run(s), 1 hit(s), 0 error(s), 0 left on base; Blueville 3 - Tuscaloosa 1
BOTTOM OF THE 2ND
Tuscaloosa Trout Slayers batting - Pitching for Blueville 83's : LHP Salvador Castro
Batting: RHB Shigemasa Ishida 0-0: Ball
1-0: Foul Ball, location: 2F
1-1: SINGLE (Groundball, 4MD)
Batting: RHB Lowie van den Bogaert 0-0: Called Strike
0-1: Ball
1-1: Foul Ball, location: 2F
1-2: Ball
Wild Pitch!
Shigemasa Ishida to second
2-2: SINGLE (Groundball, 34D)
Shigemasa Ishida to third
Batting: RHB Tetsunori Ito 0-0: Ball
1-0: Called Strike
1-1: Grounds into double play, 5-4-3 (Groundball, 56)
Shigemasa Ishida scores
Batting: RHB José Ortega 0-0: Ball
1-0: Swinging Strike
1-1: Ball
2-1: Ball
3-1: Fly out, F9 (Flyball, 89S)
Bottom of the 2nd over - 1 run(s), 2 hit(s), 0 error(s), 0 left on base; Blueville 3 - Tuscaloosa 2
TOP OF THE 3RD
Blueville 83's batting - Pitching for Tuscaloosa Trout Slayers : RHP Chris Chamberlain
Batting: RHB Gernot Renner 0-0: Called Strike
0-1: Fly out, F9 (Flyball, 89M)
Batting: SHB Jack Fountain 0-0: DOUBLE (Line Drive, 89XD)
Batting: RHB Matt Perkins 0-0: Ball
1-0: Called Strike
1-1: Fly out, F8 (Flyball, 8RM)
Batting: LHB Ricardo Romero 0-0: Ball
1-0: Fly out, F7 (Flyball, 7LS)
Top of the 3rd over - 0 run(s), 1 hit(s), 0 error(s), 1 left on base; Blueville 3 - Tuscaloosa 2
BOTTOM OF THE 3RD
Tuscaloosa Trout Slayers batting - Pitching for Blueville 83's : LHP Salvador Castro
Batting: RHB Kurt Walter 0-0: Ball
1-0: Ball
2-0: Called Strike
2-1: Ball
3-1: Base on Balls
Batting: RHB Pat Fullerton 0-0: SINGLE (Groundball, 6MD)
Kurt Walter to second
Runner from 2nd tries for 3rd, SAFE, throw made to third
Pat Fullerton to second
Batting: LHB Marcos Villarreal 0-0: Foul Ball, location: 2F
0-1: Fly out, F8 (Flyball, 8LD)
Runner from 3rd tags up, SCORES, no throw
Pat Fullerton to third
Batting: RHB Ben Morton 0-0: Ball
1-0: Ground out 4-3 (Groundball, 4)
Pat Fullerton scores
Batting: LHB António Cedeño 0-0: Called Strike
0-1: SINGLE (Flyball, 9LM)
Batting: RHB Shigemasa Ishida 0-0: Fly out, F8 (Flyball, 8RM)
Bottom of the 3rd over - 2 run(s), 2 hit(s), 0 error(s), 1 left on base; Blueville 3 - Tuscaloosa 4
TOP OF THE 4TH
Blueville 83's batting - Pitching for Tuscaloosa Trout Slayers : RHP Chris Chamberlain
Batting: LHB Ron Robinson 0-0: Ball
1-0: Ball
2-0: Ball
3-0: Base on Balls
Batting: LHB Vincente Sáenz 0-0: Called Strike
0-1: Ball
1-1: Ball
2-1: Ball
3-1: Foul Ball, location: 2F
3-2: SINGLE (Line Drive, 4MD)
Ron Robinson to second
Batting: RHB Barney Lawson 0-0: Ball
1-0: Ground out 5-3 (Groundball, 56S)
Ron Robinson to third
Vincente Sáenz to second
Batting: SHB Caden Keith 0-0: Ball
1-0: Called Strike
1-1: Ball
2-1: Ball
3-1: Base on Balls
Batting: RHB Kuniaki Kawashima 0-0: Ball
1-0: Foul Ball, location: 2F
1-1: Grounds into double play, 4-6-3 (Groundball, 4)
Top of the 4th over - 0 run(s), 1 hit(s), 0 error(s), 2 left on base; Blueville 3 - Tuscaloosa 4
BOTTOM OF THE 4TH
Tuscaloosa Trout Slayers batting - Pitching for Blueville 83's : LHP Salvador Castro
Batting: RHB Lowie van den Bogaert 0-0: Ball
1-0: Ball
2-0: Ball
3-0: Called Strike
3-1: Base on Balls
Batting: RHB Tetsunori Ito 0-0: Called Strike
0-1: Fly out, F9 (Flyball, 9LSF)
Batting: RHB José Ortega 0-0: Ball
1-0: Called Strike
1-1: Ball
2-1: Ball
3-1: Called Strike
3-2: Grounds into double play, 4-6-3 (Groundball, 4)
Bottom of the 4th over - 0 run(s), 0 hit(s), 0 error(s), 0 left on base; Blueville 3 - Tuscaloosa 4
TOP OF THE 5TH
Blueville 83's batting - Pitching for Tuscaloosa Trout Slayers : RHP Chris Chamberlain
Batting: RHB Gernot Renner 0-0: Ball
1-0: SOLO HOME RUN (Flyball, 8LXD), Distance : 432 ft
Batting: SHB Jack Fountain 0-0: Called Strike
0-1: Ball
1-1: Ball
2-1: Swinging Strike
2-2: Foul Ball, location: 2F
2-2: Foul Ball, location: 2F
2-2: Fly out, F8 (Flyball, 8RD)
Batting: RHB Matt Perkins 0-0: Ground out 4-3 (Groundball, 4M)
Batting: LHB Ricardo Romero 0-0: Ball
1-0: Fly out, F8 (Flyball, 8RD)
Top of the 5th over - 1 run(s), 1 hit(s), 0 error(s), 0 left on base; Blueville 4 - Tuscaloosa 4
BOTTOM OF THE 5TH
Tuscaloosa Trout Slayers batting - Pitching for Blueville 83's : LHP Salvador Castro
Batting: RHB Kurt Walter 0-0: Ball
1-0: Ground out 6-3 (Groundball, 6S)
Batting: RHB Pat Fullerton 0-0: Ball
1-0: Ball
2-0: Called Strike
2-1: Foul Ball, location: 2F
2-2: Strikes out swinging
Batting: LHB Marcos Villarreal 0-0: Ball
1-0: Ball
2-0: Ball
3-0: Base on Balls
Batting: RHB Ben Morton 0-0: Ball
1-0: Fly out, F8 (Flyball, 8LD)
Bottom of the 5th over - 0 run(s), 0 hit(s), 0 error(s), 1 left on base; Blueville 4 - Tuscaloosa 4
TOP OF THE 6TH
Blueville 83's batting - Pitching for Tuscaloosa Trout Slayers : RHP Chris Chamberlain
Batting: LHB Ron Robinson 0-0: Ball
1-0: Ball
2-0: Ball
3-0: Called Strike
3-1: Swinging Strike
3-2: Foul Ball, location: 2F
3-2: Foul Ball, location: 2F
3-2: Strikes out swinging
Batting: LHB Vincente Sáenz 0-0: Ground out U3 (Groundball, 34)
Batting: RHB Barney Lawson 0-0: Swinging Strike
0-1: Ball
1-1: Ball
2-1: Foul Ball, location: 2F
2-2: Fly out, F7 (Line Drive, 7)
Top of the 6th over - 0 run(s), 0 hit(s), 0 error(s), 0 left on base; Blueville 4 - Tuscaloosa 4
BOTTOM OF THE 6TH
Tuscaloosa Trout Slayers batting - Pitching for Blueville 83's : LHP Salvador Castro
Batting: LHB António Cedeño 0-0: Ball
1-0: Ball
2-0: Called Strike
2-1: Swinging Strike
2-2: Strikes out swinging
Batting: RHB Shigemasa Ishida 0-0: Called Strike
0-1: Ball
1-1: Foul Ball, location: 2F
1-2: Foul Ball, location: 2F
1-2: Foul Ball, location: 2F
1-2: Ball
2-2: Strikes out swinging
Batting: RHB Lowie van den Bogaert 0-0: Called Strike
0-1: Ball
1-1: Foul Ball, location: 2F
1-2: Ground out 1-3 (Groundball, 13)
Bottom of the 6th over - 0 run(s), 0 hit(s), 0 error(s), 0 left on base; Blueville 4 - Tuscaloosa 4
TOP OF THE 7TH
Blueville 83's batting - Pitching for Tuscaloosa Trout Slayers : RHP Chris Chamberlain
Pitching: RHP Jesús Ramos
Batting: SHB Caden Keith 0-0: Ball
1-0: Foul Ball, location: 2F
1-1: Swinging Strike
1-2: Ground out 6-3 (Groundball, 6)
Pinch Hitting: LHB Cristóbal Cintrón 0-0: Called Strike
0-1: Ball
1-1: Ball
2-1: SINGLE (Line Drive, 56)
Batting: RHB Gernot Renner 0-0: Swinging Strike
0-1: Ball
1-1: Foul Ball, location: 2F
1-2: Ball
2-2: Foul Ball, location: 2F
2-2: Foul Ball, location: 2F
2-2: Fly out, F7 (Flyball, 7LMF)
Pinch Hitting: LHB Jacob Wright 0-0: Called Strike
0-1: SINGLE (Line Drive, 5D)
Cristóbal Cintrón to second
Pinch Hitting: LHB Dave Pitts 0-0: Ball
1-0: Called Strike
1-1: SINGLE (Line Drive, 34D)
Cristóbal Cintrón to third
Jacob Wright to second
Runner from 3rd tries for Home, SAFE, no throw
Batting: LHB Ricardo Romero 0-0: Ball
1-0: Fly out, F8 (Flyball, 78M)
Top of the 7th over - 1 run(s), 3 hit(s), 0 error(s), 2 left on base; Blueville 5 - Tuscaloosa 4
BOTTOM OF THE 7TH
Tuscaloosa Trout Slayers batting - Pitching for Blueville 83's : LHP Salvador Castro
Pitching: RHP Félix Rivera
Now at 2B: Carlos Carrillo
Now at SS: Pat Haynes
Now in RF: Cristóbal Cintrón
Batting: RHB Tetsunori Ito 0-0: Foul Ball, location: 2F
0-1: Ball
1-1: Called Strike
1-2: Strikes out swinging
Batting: RHB José Ortega 0-0: Swinging Strike
0-1: Called Strike
0-2: Ball
1-2: Ball
2-2: Strikes out looking
Batting: RHB Kurt Walter 0-0: Called Strike
0-1: Ball
1-1: Ball
2-1: Foul Ball, location: 2F
2-2: Foul Ball, location: 2F
2-2: Ball
3-2: Strikes out looking
Bottom of the 7th over - 0 run(s), 0 hit(s), 0 error(s), 0 left on base; Blueville 5 - Tuscaloosa 4
TOP OF THE 8TH
Blueville 83's batting - Pitching for Tuscaloosa Trout Slayers : RHP Jesús Ramos
Batting: LHB Ron Robinson 0-0: Ball
1-0: Foul Ball, location: 2F
1-1: Foul Ball, location: 2F
1-2: Ball
2-2: Strikes out swinging, 2-3 out at first.
Batting: LHB Vincente Sáenz 0-0: Ball
1-0: Foul Ball, location: 2F
1-1: Foul Ball, location: 2F
1-2: Ground out 5-3 (Groundball, 56)
Batting: RHB Barney Lawson 0-0: SINGLE (Line Drive, 3D)
Batting: SHB Caden Keith 0-0: Ball
1-0: Foul Ball, location: 2F
1-1: Ball
2-1: Ball
3-1: SINGLE (Line Drive, 7S)
Barney Lawson to second
Batting: LHB Cristóbal Cintrón 0-0: Ball
1-0: Ball
2-0: Called Strike
2-1: Swinging Strike
2-2: Strikes out looking
Top of the 8th over - 0 run(s), 2 hit(s), 0 error(s), 2 left on base; Blueville 5 - Tuscaloosa 4
BOTTOM OF THE 8TH
Tuscaloosa Trout Slayers batting - Pitching for Blueville 83's : RHP Félix Rivera
Batting: RHB Pat Fullerton 0-0: Called Strike
0-1: Called Strike
0-2: Foul Ball, location: 2F
0-2: Ball
1-2: Ball
2-2: Strikes out swinging
Batting: LHB Marcos Villarreal 0-0: Foul Ball, location: 2F
0-1: Swinging Strike
0-2: Ball
1-2: SINGLE (Line Drive, 6M)
Pitching: RHP Ernesto Germán
Batting: RHB Ben Morton 0-0: Foul Ball, location: 2F
0-1: Fly out, F7 (Flyball, 7D)
Batting: LHB António Cedeño 0-0: Foul Ball, location: 2F
0-1: Ball
1-1: Ball
2-1: Ball
3-1: Base on Balls
Marcos Villarreal to second
Pinch Runner at 2nd Miguel Rosa:
Pinch Hitting: LHB Ed Hart 0-0: Called Strike
0-1: Ball
1-1: Foul Ball, location: 2F
1-2: Strikes out swinging
Bottom of the 8th over - 0 run(s), 1 hit(s), 0 error(s), 2 left on base; Blueville 5 - Tuscaloosa 4
TOP OF THE 9TH
Blueville 83's batting - Pitching for Tuscaloosa Trout Slayers : RHP Jesús Ramos
Now at 3B: César Reyes
Batting: RHB Gernot Renner 0-0: Ball
1-0: Swinging Strike
1-1: Foul Ball, location: 2F
1-2: Ball
2-2: Foul Ball, location: 2F
2-2: Foul Ball, location: 2F
2-2: Foul Ball, location: 2F
2-2: Ball
3-2: Foul Ball, location: 2F
3-2: Base on Balls
Pitching: RHP Juan Patino
Batting: RHB Carlos Carrillo 0-0: Fly out, F7 (Flyball, 7LSF)
Batting: RHB Pat Haynes 0-0: Ball
1-0: Ball
2-0: Called Strike
2-1: Foul Ball, location: 2F
2-2: Fly out, F9 (Flyball, 9)
Batting: LHB Ricardo Romero 0-0: Ball
1-0: Foul Ball, location: 2F
1-1: Ball
2-1: Ball
3-1: Called Strike
3-2: Ground out 1-3 (Groundball, P)
Top of the 9th over - 0 run(s), 0 hit(s), 0 error(s), 1 left on base; Blueville 5 - Tuscaloosa 4
BOTTOM OF THE 9TH
Tuscaloosa Trout Slayers batting - Pitching for Blueville 83's : RHP Ernesto Germán
Pinch Hitting: RHB José Fernández 0-0: Ball
1-0: Ball
2-0: Ball
3-0: Called Strike
3-1: Foul Ball, location: 2F
3-2: Fly out, F5 (Popup, 56)
Batting: RHB Tetsunori Ito 0-0: SINGLE (Flyball, 78S)
Pinch Hitting: RHB Satoru Daikawa 0-0: Called Strike
0-1: Swinging Strike
0-2: Strikes out swinging
Batting: RHB Kurt Walter 0-0: Swinging Strike
0-1: Called Strike
0-2: Ball
1-2: Foul Ball, location: 2F
1-2: Strikes out swinging
Bottom of the 9th over - 0 run(s), 1 hit(s), 0 error(s), 1 left on base; Blueville 5 - Tuscaloosa 4
Thursday, March 30th, 2017 - OOTP Baseball 17.12 Build 75